Thrashers vs Hurricanes

Created - April 12 2007 at 19:20

Goals
1 2 3 OT1 T
Thrashers 2 0 1 1 4
Hurricanes 2 0 1 0 3
Shots
1 2 3 OT1 T
Thrashers 12 8 15 10 45
Hurricanes 11 9 13 7 40

Period #1

1. Hurricanes , Kevyn Adams 1 (Shawn Bates, Scott Walker) at 4:27
2. Hurricanes , Martin Havlat 1 (Justin Williams, David Tanabe) at 8:16
3. Thrashers , Marian Hossa 1 (Brett Clark, Ladislav Nagy) at 11:47
4. Thrashers , Ilya Kovalchuk 2 (Andy Sutton) at 12:07

Penalities :
Alexander Frolov (ATL) for Roughing (Minor) at 6:20, Erik Cole (CAR) for Boarding (Minor) at 7:03, Greg de Vries (ATL) for High sticking (Minor) at 17:20

Period #2

No Goal

Penalities :
Niclas Havelid (ATL) for Tripping (Minor) at 0:54, Andy Sutton (ATL) for Delaying the game (Minor) at 3:31, Justin Williams (CAR) for Tripping (Minor) at 4:12, Alexander Frolov (ATL) for Roughing (Minor) at 6:26, Brett Clark (ATL) for Delaying the game (Minor) at 7:13, Ales Kotalik (ATL) for Kneeing (Major) at 12:17, Scott Walker (CAR) for Clipping (Minor) at 17:51

Period #3

5. Thrashers , Marian Hossa 2 (Brian Leetch, Brett Clark) at 2:27
6. Hurricanes , Martin Havlat 2 (Eric Staal, Erik Cole) at 10:31

Penalities :
Greg de Vries (ATL) for Slashing (Minor) at 0:11, Jozef Stumpel (ATL) for Interference (Minor) at 7:10, Ilya Kovalchuk (ATL) for Kneeing (Major) at 17:56

Overtime #1

7. Thrashers , Marian Hossa 3 (Alexander Frolov, Robert Lang) at 7:58 (PP)

Penalities :
Bret Hedican (CAR) for Cross-checking (Minor) at 3:02, Brent Sopel (CAR) for Clipping (Minor) at 6:21

Goalie Stats

Kari Lehtonen (ATL), 37 saves from 40 shots - (0.925), W, 1-0-1, 67:59 minutes
Evgeni Nabokov (CAR), 41 saves from 45 shots - (0.911), OTL, 0-0-1, 67:59 minutes

Players Stats

Thrashers
Player Name              G  A  P  +/- PIM S  H  SB FO MP 
-----------------------------------------------------------
Ales Kotalik             0  0  0   0  5   3  0  1  0  14 
Alexander Frolov         0  1  1   0  4   5  1  0  2  16 
Andy Sutton              0  1  1   1  2   0  1  1  0  11 
Anson Carter             0  0  0  -1  0   2  0  0  6  21 
Bobby Holik              0  0  0   1  0   0  0  0  20 15 
Brendan Morrison         0  0  0  -2  0   1  0  0  22 16 
Brett Clark              0  2  2   1  2   1  1  2  0  23 
Brian Leetch             0  1  1   2  0   2  1  1  0  21 
Greg de Vries            0  0  0  -1  4   0  0  4  0  23 
Ilya Kovalchuk           1  0  1  -1  5   6  0  0  3  22 
Jozef Stumpel            0  0  0   0  2   2  2  0  27 21 
Ladislav Nagy            0  1  1   1  0   1  0  0  1  14 
Marian Hossa             3  0  3   1  0   14 0  0  1  18 
Mike Van Ryn             0  0  0  -1  0   1  0  0  0  22 
Niclas Havelid           0  0  0  -1  2   1  1  0  0  17 
Philippe Boucher         0  0  0  -1  0   3  0  0  0  25 
Robert Lang              0  1  1   1  0   3  2  1  25 18 
Scott Mellanby           0  0  0   1  0   0  0  0  3  15 
Hurricanes
Player Name              G  A  P  +/- PIM S  H  SB FO MP 
-----------------------------------------------------------
Anton Babchuk            0  0  0   0  0   0  0  0  0  0  
Brent Sopel              0  0  0   1  2   1  0  2  0  23 
Bret Hedican             0  0  0  -1  2   1  0  3  0  19 
Cory Stillman            0  0  0   0  0   2  0  0  2  21 
David Tanabe             0  1  1   1  0   0  1  1  0  20 
Eric Belanger            0  0  0   0  0   0  0  0  9  8  
Eric Staal               0  1  1   0  0   5  1  0  36 26 
Erik Cole                0  1  1   0  2   2  3  0  3  24 
Frantisek Kaberle        0  0  0   0  0   0  0  2  0  27 
Glen Wesley              0  0  0   0  0   2  0  4  0  19 
Jeff Halpern             0  0  0   0  0   2  0  0  23 18 
Justin Williams          0  1  1   1  2   4  1  0  3  21 
Kevyn Adams              1  0  1  -1  0   4  0  0  28 18 
Kurtis Foster            0  0  0  -1  0   3  2  1  0  25 
Martin Havlat            2  0  2   1  0   7  0  0  2  21 
Ray Whitney              0  0  0   0  0   2  2  0  3  23 
Scott Walker             0  1  1  -1  2   4  1  0  1  15 
Shawn Bates              0  1  1  -1  0   1  3  1  0  19 

3 Stars

1 - Marian Hossa (ATL)
2 - Martin Havlat (CAR)
3 - Brett Clark (ATL)

Power Play

Thrashers - 1 on 5 Attempt(s) - 20.00%
Hurricanes - 0 on 10 Attempt(s) - 0.00%

Penalty Kill

Thrashers - 10 on 10 Attempt(s) - 100.00% - Score 0 goal in Penalty Kill
Hurricanes - 4 on 5 Attempt(s) - 80.00% - Score 0 goal in Penalty Kill

Game Notes

Marian Hossa has scored a Hat Trick!

Finance

Level 1 -- Attendance: 4794 (79.89%) -- Ticket Income $479,400.00
Level 2 -- Attendance: 5157 (95.86%) -- Ticket Income $309,420.00
Level 3 -- Attendance: 2002 (85.21%) -- Ticket Income $70,070.00
Level 4 -- Attendance: 4000 (100.00%) -- Ticket Income $80,000.00
Luxury Box -- Attendance: 956 (95.59%) -- Ticket Income $191,200.00
Game was played at the RBC Center
Total Attendance: 16909 (90.28%)
Total Ticket Income: $1,213,550.00
Other Income: $364,065.08
Total Income: $1,577,615.00


Play by Play

Period #1

0:01 of 1st period - Robert Lang wins face-off versus Eric Staal in neutral zone.
0:12 of 1st period - Shot by Marian Hossa.
0:12 of 1st period - Shot Hit the Post.
0:13 of 1st period - Shot by Brian Leetch.
0:13 of 1st period - Shot Blocked by Glen Wesley.
0:16 of 1st period - Shot by Marian Hossa.
0:16 of 1st period - Shot Misses the Net.
0:19 of 1st period - Shot by Marian Hossa.
0:19 of 1st period - Shot Misses the Net.
0:22 of 1st period - Shot by Robert Lang.
0:22 of 1st period - Stopped by Evgeni Nabokov without a rebound.
0:23 of 1st period - Jeff Halpern wins face-off versus Brendan Morrison in Hurricanes zone.
1:17 of 1st period - Ilya Kovalchuk is hit by Erik Cole and loses puck.
1:33 of 1st period - Shot by Eric Staal.
1:33 of 1st period - Shot Misses the Net.
2:06 of 1st period - Shot by Robert Lang.
2:06 of 1st period - Deflect By Marian Hossa.
2:06 of 1st period - Shot Blocked by Bret Hedican.
2:25 of 1st period - Shot by Scott Walker.
2:25 of 1st period - Stopped by Kari Lehtonen with a rebound.
2:42 of 1st period - Shot by Alexander Frolov.
2:42 of 1st period - Stopped by Evgeni Nabokov without a rebound.
2:43 of 1st period - Bobby Holik wins face-off versus Jeff Halpern in Hurricanes zone.
2:58 of 1st period - Shot by Ray Whitney.
2:58 of 1st period - Deflect By Justin Williams.
2:58 of 1st period - Stopped by Kari Lehtonen without a rebound.
2:59 of 1st period - Eric Belanger wins face-off versus Brendan Morrison in Thrashers zone.
3:45 of 1st period - Ray Whitney is hit by Jozef Stumpel and loses puck.
4:08 of 1st period - Jozef Stumpel is hit by Ray Whitney and loses puck.
4:12 of 1st period - Shot by Ales Kotalik.
4:12 of 1st period - Stopped by Evgeni Nabokov without a rebound.
4:13 of 1st period - Robert Lang wins face-off versus Kevyn Adams in Hurricanes zone.
4:21 of 1st period - Scott Walker is hit by Robert Lang and loses puck.
4:27 of 1st period - Shot by Kevyn Adams.
4:27 of 1st period - Goal by Kevyn Adams - Thrashers : 0 - Hurricanes : 1.
4:28 of 1st period - Bobby Holik wins face-off versus Kevyn Adams in neutral zone.
4:35 of 1st period - Shot by Bobby Holik.
4:35 of 1st period - Shot Misses the Net.
4:52 of 1st period - Shot by Kevyn Adams.
4:52 of 1st period - Shot Misses the Net.
4:56 of 1st period - Shawn Bates is hit by Brian Leetch and loses puck.
5:26 of 1st period - Shot by Jozef Stumpel.
5:26 of 1st period - Stopped by Evgeni Nabokov with a rebound.
5:32 of 1st period - Martin Havlat is hit by Jozef Stumpel and loses puck.
6:05 of 1st period - Kevyn Adams is hit by Niclas Havelid and loses puck.
6:20 of 1st period - Minor Penalty to Alexander Frolov for Roughing.
6:21 of 1st period - Eric Staal wins face-off versus Bobby Holik in Thrashers zone.
6:26 of 1st period - Shot by Eric Staal.
6:26 of 1st period - Stopped by Kari Lehtonen without a rebound.
6:27 of 1st period - Bobby Holik wins face-off versus Eric Staal in Thrashers zone.
7:03 of 1st period - Minor Penalty to Erik Cole for Boarding.
7:04 of 1st period - Robert Lang wins face-off versus Martin Havlat in Thrashers zone.
7:10 of 1st period - Off-side.
7:11 of 1st period - Robert Lang wins face-off versus Justin Williams in neutral zone.
7:16 of 1st period - Shot by Robert Lang.
7:16 of 1st period - Stopped by Evgeni Nabokov without a rebound.
7:17 of 1st period - Robert Lang wins face-off versus Cory Stillman in Hurricanes zone.
8:16 of 1st period - Shot by Martin Havlat.
8:16 of 1st period - Goal by Martin Havlat - Thrashers : 0 - Hurricanes : 2.
8:17 of 1st period - Brendan Morrison wins face-off versus Eric Staal in neutral zone.
9:04 of 1st period - Shot by Alexander Frolov.
9:04 of 1st period - Shot Blocked by Frantisek Kaberle.
9:35 of 1st period - Shot by Eric Staal.
9:35 of 1st period - Stopped by Kari Lehtonen without a rebound.
9:36 of 1st period - Kevyn Adams wins face-off versus Robert Lang in Thrashers zone.
9:45 of 1st period - Shot by Scott Walker.
9:45 of 1st period - Stopped by Kari Lehtonen with a rebound.
9:53 of 1st period - Ladislav Nagy is hit by Kurtis Foster and loses puck.
10:07 of 1st period - Shot by Marian Hossa.
10:07 of 1st period - Stopped by Evgeni Nabokov without a rebound.
10:08 of 1st period - Brendan Morrison wins face-off versus Jeff Halpern in Hurricanes zone.
10:08 of 1st period - Anson Carter is hit by David Tanabe and loses puck.
10:27 of 1st period - Ilya Kovalchuk is hit by Ray Whitney and loses puck.
11:23 of 1st period - Shot by Alexander Frolov.
11:23 of 1st period - Shot Blocked by Glen Wesley.
11:26 of 1st period - Shot by Jozef Stumpel.
11:26 of 1st period - Shot Misses the Net.
11:31 of 1st period - Shot by Ales Kotalik.
11:31 of 1st period - Shot Misses the Net.
11:46 of 1st period - Shot by Marian Hossa.
11:46 of 1st period - Deflect By Ladislav Nagy.
11:46 of 1st period - Shot Misses the Net.
11:47 of 1st period - Shot by Brett Clark.
11:47 of 1st period - Deflect By Marian Hossa.
11:47 of 1st period - Goal by Marian Hossa - Thrashers : 1 - Hurricanes : 2.
11:48 of 1st period - Kevyn Adams wins face-off versus Bobby Holik in neutral zone.
12:07 of 1st period - Shot by Ilya Kovalchuk.
12:07 of 1st period - Goal by Ilya Kovalchuk - Thrashers : 2 - Hurricanes : 2.
12:08 of 1st period - Eric Belanger wins face-off versus Marian Hossa in neutral zone.
12:15 of 1st period - Shot by Ray Whitney.
12:15 of 1st period - Shot Misses the Net.
12:16 of 1st period - Shot by Brent Sopel.
12:16 of 1st period - Shot Blocked by Robert Lang.
12:19 of 1st period - Shot by Cory Stillman.
12:19 of 1st period - Shot Misses the Net.
12:20 of 1st period - Shot by Ray Whitney.
12:20 of 1st period - Deflect By Cory Stillman.
12:20 of 1st period - Stopped by Kari Lehtonen with a rebound.
12:57 of 1st period - Shot by Scott Walker.
12:57 of 1st period - Stopped by Kari Lehtonen without a rebound.
12:58 of 1st period - Kevyn Adams wins face-off versus Anson Carter in Thrashers zone.
13:25 of 1st period - Shot by Anson Carter.
13:25 of 1st period - Deflect By Ilya Kovalchuk.
13:25 of 1st period - Stopped by Evgeni Nabokov with a rebound.
15:07 of 1st period - Justin Williams is hit by Robert Lang and loses puck.
15:46 of 1st period - Ladislav Nagy is hit by Shawn Bates and loses puck.
15:51 of 1st period - Icing by Brett Clark.
15:52 of 1st period - Robert Lang wins face-off versus Kevyn Adams in Thrashers zone.
16:16 of 1st period - Icing by Philippe Boucher.
16:17 of 1st period - Brendan Morrison wins face-off versus Eric Belanger in Thrashers zone.
16:24 of 1st period - Shot by Ilya Kovalchuk.
16:24 of 1st period - Shot Blocked by Brent Sopel.
16:27 of 1st period - Shot by Ilya Kovalchuk.
16:27 of 1st period - Shot Misses the Net.
16:28 of 1st period - Shot by Philippe Boucher.
16:28 of 1st period - Shot Misses the Net.
16:29 of 1st period - Shot by Philippe Boucher.
16:29 of 1st period - Stopped by Evgeni Nabokov without a rebound.
16:30 of 1st period - Jeff Halpern wins face-off versus Jozef Stumpel in Hurricanes zone.
17:20 of 1st period - Minor Penalty to Greg de Vries for High sticking.
17:21 of 1st period - Eric Staal wins face-off versus Bobby Holik in Hurricanes zone.
17:30 of 1st period - Shot by Cory Stillman.
17:30 of 1st period - Stopped by Kari Lehtonen with a rebound.
17:31 of 1st period - Shot by Glen Wesley.
17:31 of 1st period - Stopped by Kari Lehtonen without a rebound.
17:32 of 1st period - Eric Staal wins face-off versus Scott Mellanby in Thrashers zone.
19:33 of 1st period - Shot by Marian Hossa.
19:33 of 1st period - Shot Misses the Net.
19:34 of 1st period - Shot by Brett Clark.
19:34 of 1st period - Shot Misses the Net.
19:35 of 1st period - Shot by Brian Leetch.
19:35 of 1st period - Stopped by Evgeni Nabokov without a rebound.
19:36 of 1st period - Brendan Morrison wins face-off versus Kevyn Adams in Hurricanes zone.
19:41 of 1st period - Shot by Anson Carter.
19:41 of 1st period - Shot Blocked by Bret Hedican.
19:42 of 1st period - Shot by Philippe Boucher.
19:42 of 1st period - Stopped by Evgeni Nabokov without a rebound.
19:43 of 1st period - Brendan Morrison wins face-off versus Kevyn Adams in Hurricanes zone.

Period #2

0:01 of 2nd period - Eric Staal wins face-off versus Robert Lang in neutral zone.
0:13 of 2nd period - Marian Hossa is hit by Erik Cole and loses puck.
0:35 of 2nd period - Shot by Ladislav Nagy.
0:35 of 2nd period - Stopped by Evgeni Nabokov without a rebound.
0:36 of 2nd period - Brendan Morrison wins face-off versus Jeff Halpern in Hurricanes zone.
0:45 of 2nd period - Shot by Ilya Kovalchuk.
0:45 of 2nd period - Deflect By Anson Carter.
0:45 of 2nd period - Stopped by Evgeni Nabokov without a rebound.
0:46 of 2nd period - Jozef Stumpel wins face-off versus Kevyn Adams in Hurricanes zone.
0:47 of 2nd period - Shot by Ales Kotalik.
0:47 of 2nd period - Deflect By Jozef Stumpel.
0:47 of 2nd period - Stopped by Evgeni Nabokov without a rebound.
0:48 of 2nd period - Jozef Stumpel wins face-off versus Kevyn Adams in Hurricanes zone.
0:54 of 2nd period - Minor Penalty to Niclas Havelid for Tripping.
0:55 of 2nd period - Bobby Holik wins face-off versus Eric Staal in neutral zone.
1:09 of 2nd period - Off-side.
1:10 of 2nd period - Jozef Stumpel wins face-off versus Jeff Halpern in neutral zone.
1:33 of 2nd period - Shot by Martin Havlat.
1:33 of 2nd period - Stopped by Kari Lehtonen without a rebound.
1:34 of 2nd period - Eric Staal wins face-off versus Jozef Stumpel in Thrashers zone.
2:07 of 2nd period - Shot by Cory Stillman.
2:07 of 2nd period - Deflect By Eric Staal.
2:07 of 2nd period - Stopped by Kari Lehtonen without a rebound.
2:08 of 2nd period - Jozef Stumpel wins face-off versus Martin Havlat in Thrashers zone.
2:58 of 2nd period - Scott Walker is hit by Andy Sutton and loses puck.
3:31 of 2nd period - Minor Penalty to Andy Sutton for Delaying the game.
3:32 of 2nd period - Eric Staal wins face-off versus Bobby Holik in Thrashers zone.
3:33 of 2nd period - Shot by Justin Williams.
3:33 of 2nd period - Deflect By Eric Staal.
3:33 of 2nd period - Shot Blocked by Greg de Vries.
3:38 of 2nd period - Shot by Eric Staal.
3:38 of 2nd period - Shot Blocked by Greg de Vries.
4:12 of 2nd period - Minor Penalty to Justin Williams for Tripping.
4:13 of 2nd period - Brendan Morrison wins face-off versus Erik Cole in Hurricanes zone.
4:52 of 2nd period - Shot by Ray Whitney.
4:52 of 2nd period - Stopped by Kari Lehtonen without a rebound.
4:53 of 2nd period - Eric Staal wins face-off versus Robert Lang in Thrashers zone.
5:18 of 2nd period - Shot by Eric Staal.
5:18 of 2nd period - Stopped by Kari Lehtonen without a rebound.
5:19 of 2nd period - Robert Lang wins face-off versus Erik Cole in Thrashers zone.
5:40 of 2nd period - Shot by Ilya Kovalchuk.
5:40 of 2nd period - Stopped by Evgeni Nabokov with a rebound.
5:41 of 2nd period - Shot by Philippe Boucher.
5:41 of 2nd period - Shot Misses the Net.
5:42 of 2nd period - Shot by Philippe Boucher.
5:42 of 2nd period - Shot Misses the Net.
5:43 of 2nd period - Shot by Philippe Boucher.
5:43 of 2nd period - Shot Misses the Net.
5:46 of 2nd period - Shot by Ilya Kovalchuk.
5:46 of 2nd period - Stopped by Evgeni Nabokov with a rebound.
5:47 of 2nd period - Shot by Brian Leetch.
5:47 of 2nd period - Stopped by Evgeni Nabokov without a rebound.
5:48 of 2nd period - Robert Lang wins face-off versus Eric Belanger in Hurricanes zone.
5:49 of 2nd period - Shot by Marian Hossa.
5:49 of 2nd period - Stopped by Evgeni Nabokov with a rebound.
6:21 of 2nd period - Icing by Glen Wesley.
6:22 of 2nd period - Eric Staal wins face-off versus Alexander Frolov in Hurricanes zone.
6:26 of 2nd period - Minor Penalty to Alexander Frolov for Roughing.
6:27 of 2nd period - Jozef Stumpel wins face-off versus Jeff Halpern in Thrashers zone.
7:13 of 2nd period - Minor Penalty to Brett Clark for Delaying the game.
7:14 of 2nd period - Bobby Holik wins face-off versus Eric Staal in neutral zone.
7:14 of 2nd period - Niclas Havelid is hit by Eric Staal and loses puck.
7:26 of 2nd period - Shot by Justin Williams.
7:26 of 2nd period - Stopped by Kari Lehtonen with a rebound.
7:51 of 2nd period - Shot by Cory Stillman.
7:51 of 2nd period - Deflect By Eric Staal.
7:51 of 2nd period - Shot Misses the Net.
7:52 of 2nd period - Shot by Kurtis Foster.
7:52 of 2nd period - Stopped by Kari Lehtonen without a rebound.
7:53 of 2nd period - Jozef Stumpel wins face-off versus Jeff Halpern in Thrashers zone.
7:59 of 2nd period - Icing by Ray Whitney.
8:00 of 2nd period - Jeff Halpern wins face-off versus Jozef Stumpel in Hurricanes zone.
8:14 of 2nd period - Icing by Brent Sopel.
8:15 of 2nd period - Jozef Stumpel wins face-off versus Erik Cole in Hurricanes zone.
8:35 of 2nd period - Icing by Justin Williams.
8:36 of 2nd period - Jozef Stumpel wins face-off versus Eric Staal in Hurricanes zone.
10:52 of 2nd period - Icing by Greg de Vries.
10:53 of 2nd period - Brendan Morrison wins face-off versus Eric Staal in Thrashers zone.
10:57 of 2nd period - Icing by Brendan Morrison.
10:58 of 2nd period - Brendan Morrison wins face-off versus Eric Staal in Thrashers zone.
11:00 of 2nd period - Icing by Ilya Kovalchuk.
11:01 of 2nd period - Eric Staal wins face-off versus Brendan Morrison in Thrashers zone.
11:02 of 2nd period - Shot by Erik Cole.
11:02 of 2nd period - Deflect By Eric Staal.
11:02 of 2nd period - Shot Misses the Net.
11:46 of 2nd period - Icing by David Tanabe.
11:47 of 2nd period - Jeff Halpern wins face-off versus Robert Lang in Hurricanes zone.
12:07 of 2nd period - Robert Lang is hit by Justin Williams and loses puck.
12:09 of 2nd period - Shot by Marian Hossa.
12:09 of 2nd period - Stopped by Evgeni Nabokov without a rebound.
12:10 of 2nd period - Jozef Stumpel wins face-off versus Kevyn Adams in Hurricanes zone.
12:13 of 2nd period - Shot by Ales Kotalik.
12:13 of 2nd period - Shot Blocked by Shawn Bates.
12:17 of 2nd period - Major Penalty to Ales Kotalik for Kneeing.
12:18 of 2nd period - Jozef Stumpel wins face-off versus Eric Staal in Hurricanes zone.
12:44 of 2nd period - Icing by Eric Staal.
12:45 of 2nd period - Bobby Holik wins face-off versus Eric Staal in Hurricanes zone.
13:13 of 2nd period - Icing by Ray Whitney.
13:14 of 2nd period - Jozef Stumpel wins face-off versus Jeff Halpern in Hurricanes zone.
13:20 of 2nd period - Off-side.
13:21 of 2nd period - Jeff Halpern wins face-off versus Anson Carter in neutral zone.
13:32 of 2nd period - Shot by Erik Cole.
13:32 of 2nd period - Shot Blocked by Brett Clark.
13:33 of 2nd period - Shot by Ray Whitney.
13:33 of 2nd period - Shot Misses the Net.
13:36 of 2nd period - Shot by Martin Havlat.
13:36 of 2nd period - Stopped by Kari Lehtonen with a rebound.
14:24 of 2nd period - Icing by Frantisek Kaberle.
14:25 of 2nd period - Eric Staal wins face-off versus Anson Carter in Hurricanes zone.
15:40 of 2nd period - Shot by Brent Sopel.
15:40 of 2nd period - Shot Blocked by Greg de Vries.
15:41 of 2nd period - Shot by Brent Sopel.
15:41 of 2nd period - Shot Misses the Net.
17:38 of 2nd period - Shot by Kevyn Adams.
17:38 of 2nd period - Stopped by Kari Lehtonen with a rebound.
17:39 of 2nd period - Shot by Bret Hedican.
17:39 of 2nd period - Stopped by Kari Lehtonen without a rebound.
17:40 of 2nd period - Bobby Holik wins face-off versus Ray Whitney in Thrashers zone.
17:42 of 2nd period - Icing by Scott Mellanby.
17:43 of 2nd period - Bobby Holik wins face-off versus Scott Walker in Thrashers zone.
17:51 of 2nd period - Minor Penalty to Scott Walker for Clipping.
17:52 of 2nd period - Eric Belanger wins face-off versus Robert Lang in Hurricanes zone.
19:31 of 2nd period - Shot by Alexander Frolov.
19:31 of 2nd period - Shot Misses the Net.
19:55 of 2nd period - Icing by Erik Cole.
19:56 of 2nd period - Bobby Holik wins face-off versus Eric Staal in Hurricanes zone.

Period #3

0:01 of 3rd period - Robert Lang wins face-off versus Eric Staal in neutral zone.
0:04 of 3rd period - Shot by Marian Hossa.
0:04 of 3rd period - Stopped by Evgeni Nabokov without a rebound.
0:05 of 3rd period - Ray Whitney wins face-off versus Anson Carter in Hurricanes zone.
0:11 of 3rd period - Minor Penalty to Greg de Vries for Slashing.
0:12 of 3rd period - Eric Staal wins face-off versus Jozef Stumpel in neutral zone.
1:20 of 3rd period - Icing by Ray Whitney.
1:21 of 3rd period - Jeff Halpern wins face-off versus Bobby Holik in Hurricanes zone.
2:24 of 3rd period - Shot by Marian Hossa.
2:24 of 3rd period - Shot Misses the Net.
2:27 of 3rd period - Shot by Marian Hossa.
2:27 of 3rd period - Goal by Marian Hossa - Thrashers : 3 - Hurricanes : 2.
2:28 of 3rd period - Jozef Stumpel wins face-off versus Kevyn Adams in neutral zone.
2:35 of 3rd period - Shot by Alexander Frolov.
2:35 of 3rd period - Stopped by Evgeni Nabokov without a rebound.
2:36 of 3rd period - Brendan Morrison wins face-off versus Eric Staal in Hurricanes zone.
2:38 of 3rd period - Ilya Kovalchuk is hit by Erik Cole and loses puck.
2:50 of 3rd period - Shot by Anson Carter.
2:50 of 3rd period - Shot Blocked by Glen Wesley.
2:51 of 3rd period - Shot by Anson Carter.
2:51 of 3rd period - Shot Misses the Net.
2:52 of 3rd period - Shot by Philippe Boucher.
2:52 of 3rd period - Shot Blocked by Glen Wesley.
2:56 of 3rd period - Icing by Frantisek Kaberle.
2:57 of 3rd period - Eric Staal wins face-off versus Jozef Stumpel in Hurricanes zone.
4:06 of 3rd period - Shot by Shawn Bates.
4:06 of 3rd period - Shot Misses the Net.
4:11 of 3rd period - Shot by Marian Hossa.
4:11 of 3rd period - Stopped by Evgeni Nabokov without a rebound.
4:12 of 3rd period - Ilya Kovalchuk wins face-off versus Justin Williams in Hurricanes zone.
4:17 of 3rd period - Shot by Ilya Kovalchuk.
4:17 of 3rd period - Stopped by Evgeni Nabokov with a rebound.
4:22 of 3rd period - Shot by Ilya Kovalchuk.
4:22 of 3rd period - Shot Misses the Net.
5:08 of 3rd period - Off-side.
5:09 of 3rd period - Jozef Stumpel wins face-off versus Kevyn Adams in neutral zone.
5:17 of 3rd period - Icing by Bret Hedican.
5:18 of 3rd period - Ladislav Nagy wins face-off versus Kevyn Adams in Hurricanes zone.
5:35 of 3rd period - Shot by Shawn Bates.
5:35 of 3rd period - Shot Misses the Net.
5:38 of 3rd period - Shot by Scott Walker.
5:38 of 3rd period - Shot Misses the Net.
5:41 of 3rd period - Shot by Shawn Bates.
5:41 of 3rd period - Shot Misses the Net.
5:44 of 3rd period - Shot by Kevyn Adams.
5:44 of 3rd period - Stopped by Kari Lehtonen without a rebound.
5:45 of 3rd period - Jozef Stumpel wins face-off versus Eric Staal in Thrashers zone.
5:54 of 3rd period - Shot by Jozef Stumpel.
5:54 of 3rd period - Deflect By Alexander Frolov.
5:54 of 3rd period - Stopped by Evgeni Nabokov with a rebound.
5:59 of 3rd period - Shot by Alexander Frolov.
5:59 of 3rd period - Stopped by Evgeni Nabokov with a rebound.
6:05 of 3rd period - Icing by Frantisek Kaberle.
6:06 of 3rd period - Eric Staal wins face-off versus Anson Carter in Hurricanes zone.
6:39 of 3rd period - Shot by Brendan Morrison.
6:39 of 3rd period - Shot Misses the Net.
6:40 of 3rd period - Shot by Philippe Boucher.
6:40 of 3rd period - Stopped by Evgeni Nabokov without a rebound.
6:41 of 3rd period - Jeff Halpern wins face-off versus Robert Lang in Hurricanes zone.
6:56 of 3rd period - Shot by Justin Williams.
6:56 of 3rd period - Shot Blocked by Brett Clark.
7:01 of 3rd period - Shot by Marian Hossa.
7:01 of 3rd period - Stopped by Evgeni Nabokov with a rebound.
7:02 of 3rd period - Shot by Marian Hossa.
7:02 of 3rd period - Stopped by Evgeni Nabokov with a rebound.
7:03 of 3rd period - Shot by Brett Clark.
7:03 of 3rd period - Stopped by Evgeni Nabokov without a rebound.
7:04 of 3rd period - Kevyn Adams wins face-off versus Jozef Stumpel in Hurricanes zone.
7:10 of 3rd period - Minor Penalty to Jozef Stumpel for Interference.
7:11 of 3rd period - Eric Staal wins face-off versus Ilya Kovalchuk in neutral zone.
8:10 of 3rd period - Shot by Martin Havlat.
8:10 of 3rd period - Stopped by Kari Lehtonen without a rebound.
8:11 of 3rd period - Ilya Kovalchuk wins face-off versus Jeff Halpern in Thrashers zone.
8:25 of 3rd period - Cory Stillman is hit by Brett Clark and loses puck.
8:37 of 3rd period - Shot by Jeff Halpern.
8:37 of 3rd period - Stopped by Kari Lehtonen with a rebound.
9:08 of 3rd period - Shot by Kurtis Foster.
9:08 of 3rd period - Stopped by Kari Lehtonen with a rebound.
9:49 of 3rd period - Shot by Jozef Stumpel.
9:49 of 3rd period - Shot Blocked by Kurtis Foster.
10:02 of 3rd period - Shot by Robert Lang.
10:02 of 3rd period - Stopped by Evgeni Nabokov without a rebound.
10:03 of 3rd period - Bobby Holik wins face-off versus Jeff Halpern in Hurricanes zone.
10:08 of 3rd period - Shot by Ilya Kovalchuk.
10:08 of 3rd period - Shot Misses the Net.
10:23 of 3rd period - Shot by Ray Whitney.
10:23 of 3rd period - Stopped by Kari Lehtonen without a rebound.
10:24 of 3rd period - Eric Staal wins face-off versus Brendan Morrison in Thrashers zone.
10:31 of 3rd period - Shot by Martin Havlat.
10:31 of 3rd period - Goal by Martin Havlat - Thrashers : 3 - Hurricanes : 3.
10:32 of 3rd period - Robert Lang wins face-off versus Eric Staal in neutral zone.
11:35 of 3rd period - Shot by Justin Williams.
11:35 of 3rd period - Stopped by Kari Lehtonen without a rebound.
11:36 of 3rd period - Jeff Halpern wins face-off versus Brendan Morrison in Thrashers zone.
11:43 of 3rd period - Shot by Jeff Halpern.
11:43 of 3rd period - Stopped by Kari Lehtonen without a rebound.
11:44 of 3rd period - Kevyn Adams wins face-off versus Alexander Frolov in Thrashers zone.
11:47 of 3rd period - Shot by Shawn Bates.
11:47 of 3rd period - Shot Misses the Net.
11:50 of 3rd period - Shot by Scott Walker.
11:50 of 3rd period - Shot Blocked by Ales Kotalik.
11:53 of 3rd period - Shot by Shawn Bates.
11:53 of 3rd period - Shot Misses the Net.
11:54 of 3rd period - Shot by Kurtis Foster.
11:54 of 3rd period - Deflect By Shawn Bates.
11:54 of 3rd period - Shot Misses the Net.
11:57 of 3rd period - Shot by Scott Walker.
11:57 of 3rd period - Shot Misses the Net.
11:58 of 3rd period - Shot by Scott Walker.
11:58 of 3rd period - Stopped by Kari Lehtonen without a rebound.
11:59 of 3rd period - Jeff Halpern wins face-off versus Brendan Morrison in Thrashers zone.
13:09 of 3rd period - Off-side.
13:10 of 3rd period - Eric Staal wins face-off versus Robert Lang in neutral zone.
13:32 of 3rd period - Icing by Brett Clark.
13:33 of 3rd period - Kevyn Adams wins face-off versus Robert Lang in Thrashers zone.
13:53 of 3rd period - Marian Hossa is hit by Scott Walker and loses puck.
14:03 of 3rd period - Shot by Kevyn Adams.
14:03 of 3rd period - Stopped by Kari Lehtonen without a rebound.
14:04 of 3rd period - Eric Staal wins face-off versus Jozef Stumpel in Thrashers zone.
14:04 of 3rd period - Glen Wesley is hit by Alexander Frolov and loses puck.
14:18 of 3rd period - Shot by Ales Kotalik.
14:18 of 3rd period - Stopped by Evgeni Nabokov with a rebound.
14:19 of 3rd period - Shot by Ales Kotalik.
14:19 of 3rd period - Deflect By Alexander Frolov.
14:19 of 3rd period - Shot Blocked by Frantisek Kaberle.
14:24 of 3rd period - Shot by Mike Van Ryn.
14:24 of 3rd period - Stopped by Evgeni Nabokov without a rebound.
14:25 of 3rd period - Brendan Morrison wins face-off versus Jeff Halpern in Hurricanes zone.
14:38 of 3rd period - Shot by Greg de Vries.
14:38 of 3rd period - Shot Blocked by David Tanabe.
14:41 of 3rd period - Shot by Ilya Kovalchuk.
14:41 of 3rd period - Shot Misses the Net.
14:42 of 3rd period - Shot by Anson Carter.
14:42 of 3rd period - Stopped by Evgeni Nabokov without a rebound.
14:43 of 3rd period - Jozef Stumpel wins face-off versus Kevyn Adams in Hurricanes zone.
14:47 of 3rd period - Ales Kotalik is hit by Shawn Bates and loses puck.
14:52 of 3rd period - Icing by Kevyn Adams.
14:53 of 3rd period - Kevyn Adams wins face-off versus Anson Carter in Hurricanes zone.
15:07 of 3rd period - Anson Carter is hit by Kurtis Foster and loses puck.
16:13 of 3rd period - Shot by Erik Cole.
16:13 of 3rd period - Stopped by Kari Lehtonen with a rebound.
16:16 of 3rd period - Shot by Martin Havlat.
16:16 of 3rd period - Stopped by Kari Lehtonen with a rebound.
16:17 of 3rd period - Shot by Glen Wesley.
16:17 of 3rd period - Stopped by Kari Lehtonen with a rebound.
16:23 of 3rd period - Icing by Mike Van Ryn.
16:24 of 3rd period - Jozef Stumpel wins face-off versus Jeff Halpern in Thrashers zone.
16:31 of 3rd period - Shot by Justin Williams.
16:31 of 3rd period - Shot Misses the Net.
16:33 of 3rd period - Icing by Niclas Havelid.
16:34 of 3rd period - Jozef Stumpel wins face-off versus Justin Williams in Thrashers zone.
16:41 of 3rd period - Shot by Ales Kotalik.
16:41 of 3rd period - Shot Blocked by Brent Sopel.
16:52 of 3rd period - Shot by Marian Hossa.
16:52 of 3rd period - Shot Misses the Net.
17:49 of 3rd period - Shot by Ilya Kovalchuk.
17:49 of 3rd period - Shot Misses the Net.
17:50 of 3rd period - Shot by Philippe Boucher.
17:50 of 3rd period - Shot Blocked by Bret Hedican.
17:56 of 3rd period - Major Penalty to Ilya Kovalchuk for Kneeing.
17:57 of 3rd period - Eric Staal wins face-off versus Bobby Holik in Thrashers zone.
19:01 of 3rd period - Icing by Martin Havlat.
19:02 of 3rd period - Jeff Halpern wins face-off versus Jozef Stumpel in Hurricanes zone.

Overtime #1

0:01 of 1st overtime period - Bobby Holik wins face-off versus Eric Staal in neutral zone.
0:28 of 1st overtime period - Shot by Justin Williams.
0:28 of 1st overtime period - Shot Misses the Net.
0:29 of 1st overtime period - Shot by Frantisek Kaberle.
0:29 of 1st overtime period - Shot Blocked by Greg de Vries.
0:34 of 1st overtime period - Shot by Justin Williams.
0:34 of 1st overtime period - Stopped by Kari Lehtonen without a rebound.
0:35 of 1st overtime period - Jeff Halpern wins face-off versus Jozef Stumpel in Thrashers zone.
0:44 of 1st overtime period - Shot by Martin Havlat.
0:44 of 1st overtime period - Stopped by Kari Lehtonen with a rebound.
0:45 of 1st overtime period - Shot by Brent Sopel.
0:45 of 1st overtime period - Shot Misses the Net.
0:48 of 1st overtime period - Shot by Erik Cole.
0:48 of 1st overtime period - Stopped by Kari Lehtonen with a rebound.
0:49 of 1st overtime period - Shot by Brent Sopel.
0:49 of 1st overtime period - Stopped by Kari Lehtonen without a rebound.
0:50 of 1st overtime period - Jeff Halpern wins face-off versus Bobby Holik in Thrashers zone.
2:05 of 1st overtime period - Shot by Kurtis Foster.
2:05 of 1st overtime period - Stopped by Kari Lehtonen with a rebound.
2:11 of 1st overtime period - Icing by Frantisek Kaberle.
2:12 of 1st overtime period - Bobby Holik wins face-off versus Eric Staal in Hurricanes zone.
2:27 of 1st overtime period - Shot by Justin Williams.
2:27 of 1st overtime period - Shot Misses the Net.
2:58 of 1st overtime period - Shot by Scott Walker.
2:58 of 1st overtime period - Shot Blocked by Brian Leetch.
3:02 of 1st overtime period - Minor Penalty to Bret Hedican for Cross-checking.
3:03 of 1st overtime period - Robert Lang wins face-off versus Eric Belanger in Hurricanes zone.
3:04 of 1st overtime period - Shot by Marian Hossa.
3:04 of 1st overtime period - Stopped by Evgeni Nabokov without a rebound.
3:05 of 1st overtime period - Robert Lang wins face-off versus Eric Belanger in Hurricanes zone.
3:32 of 1st overtime period - Shot by Marian Hossa.
3:32 of 1st overtime period - Stopped by Evgeni Nabokov with a rebound.
3:33 of 1st overtime period - Shot by Marian Hossa.
3:33 of 1st overtime period - Stopped by Evgeni Nabokov without a rebound.
3:34 of 1st overtime period - Brendan Morrison wins face-off versus Kevyn Adams in Hurricanes zone.
3:35 of 1st overtime period - Shot by Ales Kotalik.
3:35 of 1st overtime period - Stopped by Evgeni Nabokov without a rebound.
3:36 of 1st overtime period - Brendan Morrison wins face-off versus Kevyn Adams in Hurricanes zone.
4:09 of 1st overtime period - Shot by Brendan Morrison.
4:09 of 1st overtime period - Stopped by Evgeni Nabokov without a rebound.
4:10 of 1st overtime period - Kevyn Adams wins face-off versus Robert Lang in Hurricanes zone.
5:09 of 1st overtime period - Shot by Eric Staal.
5:09 of 1st overtime period - Stopped by Kari Lehtonen without a rebound.
5:10 of 1st overtime period - Kevyn Adams wins face-off versus Scott Mellanby in Thrashers zone.
5:11 of 1st overtime period - Shot by Shawn Bates.
5:11 of 1st overtime period - Stopped by Kari Lehtonen without a rebound.
5:12 of 1st overtime period - Scott Mellanby wins face-off versus Eric Staal in Thrashers zone.
5:43 of 1st overtime period - Shot by Erik Cole.
5:43 of 1st overtime period - Shot Misses the Net.
5:44 of 1st overtime period - Shot by Glen Wesley.
5:44 of 1st overtime period - Shot Blocked by Andy Sutton.
5:52 of 1st overtime period - Icing by Andy Sutton.
5:53 of 1st overtime period - Bobby Holik wins face-off versus Kevyn Adams in Thrashers zone.
5:55 of 1st overtime period - Ilya Kovalchuk is hit by Shawn Bates and loses puck.
6:20 of 1st overtime period - Off-side.
6:21 of 1st overtime period - Jozef Stumpel wins face-off versus Ray Whitney in neutral zone.
6:21 of 1st overtime period - Minor Penalty to Brent Sopel for Clipping.
6:22 of 1st overtime period - Robert Lang wins face-off versus Cory Stillman in neutral zone.
6:49 of 1st overtime period - Shot by Alexander Frolov.
6:49 of 1st overtime period - Stopped by Evgeni Nabokov without a rebound.
6:50 of 1st overtime period - Kevyn Adams wins face-off versus Brendan Morrison in Hurricanes zone.
6:58 of 1st overtime period - Off-side.
6:59 of 1st overtime period - Robert Lang wins face-off versus Eric Belanger in neutral zone.
7:10 of 1st overtime period - Shot by Marian Hossa.
7:10 of 1st overtime period - Stopped by Evgeni Nabokov with a rebound.
7:11 of 1st overtime period - Shot by Greg de Vries.
7:11 of 1st overtime period - Shot Misses the Net.
7:12 of 1st overtime period - Shot by Niclas Havelid.
7:12 of 1st overtime period - Stopped by Evgeni Nabokov without a rebound.
7:13 of 1st overtime period - Brendan Morrison wins face-off versus Kevyn Adams in Hurricanes zone.
7:25 of 1st overtime period - Icing by Philippe Boucher.
7:26 of 1st overtime period - Brendan Morrison wins face-off versus Eric Belanger in Thrashers zone.
7:41 of 1st overtime period - Shot by Ilya Kovalchuk.
7:41 of 1st overtime period - Stopped by Evgeni Nabokov without a rebound.
7:42 of 1st overtime period - Kevyn Adams wins face-off versus Robert Lang in Hurricanes zone.
7:48 of 1st overtime period - Icing by Niclas Havelid.
7:49 of 1st overtime period - Robert Lang wins face-off versus Kevyn Adams in Thrashers zone.
7:58 of 1st overtime period - Shot by Marian Hossa.
7:58 of 1st overtime period - Goal by Marian Hossa - Thrashers : 4 - Hurricanes : 3.


Output by the SimonT Hockey Simulator (STHS) for Stephane Roy -- Original Page W3C XHTML 1.0 Valid